 Dungeon Crawl Stone Soup version 0.20.1-1-g8b1a95d (webtiles) character file.

154 homeworkjunkie the Chopper (level 5, -1/47 HPs)
             Began as a Hill Orc Fighter on Nov 10, 2017.
             Slain by an ogre
             ... wielding a +0 giant spiked club
              (22 damage)
             ... on level 4 of the Dungeon.
             The game lasted 00:03:33 (1749 turns).

homeworkjunkie the Chopper (Hill Orc Fighter)       Turns: 1749, Time: 00:03:34

Health: -1/47      AC: 11    Str: 20    XL:     5   Next: 36%
Magic:  5/5        EV:  3    Int:  8    God:
Gold:   123        SH:  9    Dex: 10    Spells: 4/4 levels left

rFire    . . .     SeeInvis .   a - +0 war axe
rCold    . . .     Gourm    .   c - +0 shield
rNeg     . . .     Faith    .   j - +0 plate armour
rPois    .         Spirit   .   (no helmet)
rElec    .         Reflect  .   (no cloak)
rCorr    .         Harm     .   (no gloves)
MR       .....                  (no boots)
Stlth    ..........             (no amulet)
Regen    0.2/turn               (no ring)
MPRegen  0.1/turn               (no ring)

@: no status effects
A: no striking features
a: no special abilities


You were on level 4 of the Dungeon.
You were not hungry.

You visited 1 branch of the dungeon, and saw 4 of its levels.

You collected 123 gold pieces.

Inventory:

Hand Weapons
 a - a +0 war axe (weapon)
Armour
 c - a +0 shield (worn)
 j - a +0 plate armour (worn)
Scrolls
 k - 3 scrolls of remove curse
 l - a scroll of identify {unknown}
 n - a scroll of blinking {unknown}
Potions
 b - a potion of invisibility {unknown}
 e - a potion of curing {unknown}
 g - a potion of haste {unknown}
 h - 2 potions of flight {unknown}
 i - a potion of ambrosia {unknown}
 m - a potion of might
Comestibles
 d - a meat ration
 f - 4 bread rations
 o - a royal jelly


   Skills:
 * Level 4.4 Fighting
 * Level 4.9 Axes
 * Level 4.2 Armour
 + Level 0.1 Dodging
 * Level 4.0 Shields


You had 4 spell levels left.
You didn't know any spells.

Dungeon Overview and Level Annotations

Branches:
Dungeon (4/15)
 Temple: D:4-7

Altars:
Qazlal

Annotations:
D:4 homeworkjunkie's ghost, weakling HOFi


Message History

You hit the ogre but do no damage.
The ogre is almost dead.
The ogre hits you with a giant spiked club!
You are too injured to fight recklessly!
You are too injured to fight recklessly!
You are too injured to fight recklessly!
You are too injured to fight recklessly!
You are too injured to fight recklessly!
You are too injured to fight recklessly!
You are too injured to fight recklessly!
You are too injured to fight recklessly!
You are too injured to fight recklessly!
You are too injured to fight recklessly!
You are too injured to fight recklessly!
You are too injured to fight recklessly!
You are too injured to fight recklessly!
You hit the ogre.
The ogre is almost dead.
The ogre hits you with a giant spiked club!!
You die...

#. ###...
###....##
#.......#
#<......#
##.......#
#@.......#
#..?..O........#
###!...........#
#.?..........#
#.$..........#
#.............
....###.####.#
.#..# ..


You could see an ogre.

Vanquished Creatures
  Jessica (D:2)
  Terence (D:2)
  2 adders (D:2)
  5 worms
  A dart slug (D:2)
  2 leopard geckos
  An orc (D:3)
  9 bats
  2 giant cockroaches
  6 goblins
  9 hobgoblins
  5 jackals (D:3)
  4 ball pythons
  11 frilled lizards
  4 kobolds
  7 rats
70 creatures vanquished.

Notes
Turn   | Place    | Note
-------+----------+-------------------------------------------
     0 | D:1      | homeworkjunkie the Hill Orc Fighter began the quest for the Orb.
     0 | D:1      | Reached XP level 1. HP: 19/19 MP: 1/1
   153 | D:1      | Reached XP level 2. HP: 26/27 MP: 2/2
   192 | D:2      | Noticed Terence
   206 | D:2      | Killed Terence
   206 | D:2      | Reached XP level 3. HP: 19/33 MP: 3/3
   310 | D:2      | Noticed Jessica
   315 | D:2      | Killed Jessica
   315 | D:2      | Reached XP level 4. HP: 32/40 MP: 4/4
   431 | D:4      | Noticed an ogre
   655 | D:3      | Reached XP level 5. HP: 43/46 MP: 5/5
   736 | D:4      | Noticed homeworkjunkie's ghost (weakling HOFi)
  1229 | D:2      | Found a stormy altar of Qazlal.
  1749 | D:4      | Slain by an ogre

Skill      XL: |  1  2  3  4  5 |
---------------+----------------+-----
Axes           | 3 4 |  4.9
Fighting       | 4 |  4.4
Armour         | 4 |  4.2
Shields        | 4 |  4.0
Dodging        | |  0.1

Action                   |  1- 3 |  4- 6 || total
-------------------------+-------+-------++-------
Melee: War axe           |    47 |   149 ||   196
  Use: Potion            |     1 |       ||     1
       Scroll            |       |     5 ||     5
  Eat: Bread ration      |       |     1 ||     1
Armor: Scale mail        |    44 |    24 ||    68
       Plate armour      |       |    96 ||    96
Dodge: Dodged            |    16 |    19 ||    35
Block: Shield            |    26 |    92 ||   118
